 Dungeon Sprint DCSS version 0.32-a0-673-g3729bd50f8 (webtiles) character file.

Game seed: 9556455996540262653

203 rocky1 the Protected (level 5, -3/52 HPs)
             Began as a Minotaur Fighter on Mar 10, 2024.
             Incinerated by a bombardier beetle (6 damage)
             ... with a burning spray
             ... in the Dungeon (Sprint IX: "|||||||||||||||||||||||||||||").
             The game lasted 00:00:17 (375 turns).

rocky1 the Protected (Minotaur Fighter)              Turns: 375, Time: 00:00:18

Health: -3/52      AC:  8    Str: 23    XL:     5   Next: 51%
Magic:  4/4        EV:  9    Int:  5    God:
Gold:   0          SH:  5    Dex:  9    Spells: 4/4 levels left

rFire   . . .        a - +0 flail
rCold   . . .        c - +0 buckler
rNeg    . . .        b - +0 scale mail
rPois   .            (helmet restricted)
rElec   .            (no cloak)
rCorr   .            (no gloves)
SInv    .            (no boots)
Will    .....        (no amulet) Stlth
                     (no ring)
HPRegen 0.28/turn    (no ring)
MPRegen 0.09/turn

%: no teleportation
@: on fire, glowing
A: horns 2, retaliatory headbutt
a: no special abilities


You were in the Dungeon.
You visited 1 branch

Inventory:

Hand Weapons
 a - a +0 flail (weapon)
Armour
 b - a +0 scale mail (worn)
 c - a +0 buckler (worn)
Scrolls
 j - a scroll of blinking
Potions
 d - a potion of might
 e - a potion of curing
 f - a potion of heal wounds
 g - a potion of haste
 h - 2 potions of magic
 i - a potion of berserk rage


   Skills:
 + Level 7.4 Fighting
 + Level 7.3 Maces & Flails
 + Level 8.1 Armour
 + Level 7.7 Shields


You had 4 spell levels left.
You didn't know any spells.
Your spell library was empty.

Dungeon Overview and Level Annotations

Branches:
Dungeon (1/1)

Altars:


Innate Abilities, Weirdness & Mutations

You have a pair of horns on your head.
You reflexively headbutt those who attack you in melee.


Message History

The liquid fire burns you!
You feel sick. The bombardier beetle bites you.
Things that are here:
a +0 giant club; a scorpion corpse; an ogre skeleton You sock the bombardier beetle!
Your headbutt misses the bombardier beetle.
The bombardier beetle is heavily wounded.
The liquid fire burns you!
You feel sick.
You hit the bombardier beetle but do no damage.
The bombardier beetle is heavily wounded.
The liquid fire burns you!
You feel sick.
The bombardier beetle closely misses you.
You completely miss the bombardier beetle.
You headbutt the bombardier beetle.
The bombardier beetle is severely wounded.
The liquid fire burns you!
* * * LOW HITPOINT WARNING * * *
You feel sick.
The bombardier beetle sprays incendiary fluid at you.
The burning spray hits you.
You are even more covered in liquid fire!
You hit the bombardier beetle.
You kill the bombardier beetle!
The liquid fire burns you!
* * * LOW HITPOINT WARNING * * *
You feel sick. You block the adder's attack.
Your Maces & Flails skill increases to level 7!
Your Armour skill increases to level 8!
You miss the adder. Your headbutt misses the adder. The liquid fire burns you!
* * * LOW HITPOINT WARNING * * *
You feel sick.
You are no longer poisoned.
The adder bites you but does no damage.
You thump the adder!
You kill the adder!
The liquid fire burns you!
You die... ▓▓▓▓▓▓▓▓▓▓▓▓▓▓▓▓▓▓ ▓<...))...÷'@†...+ ▓▓▓▓▓▓▓▓▓▓▓▓▓▓▓▓▓▓

There were no monsters in sight!

Vanquished Creatures
  An ogre (D)
  A scorpion (D)
  A bombardier beetle (D)
  An iguana (D)
  An adder (D)
  A ball python (D)
  2 endoplasms (D)
  2 kobolds (D)
10 creatures vanquished.

Notes
Turn   | Place    | Note
-------+----------+-------------------------------------------
     0 | D        | rocky1 the Minotaur Fighter began the quest for the Orb.
     0 | D        | Reached XP level 1. HP: 19/19 MP: 0/0
     7 | D        | Reached skill level 4 in Armour
    19 | D        | Noticed an iguana
    19 | D        | Noticed an ogre
    19 | D        | Noticed a bombardier beetle
    19 | D        | Noticed a scorpion
    23 | D        | Killed an iguana
    24 | D        | Reached skill level 5 in Fighting
    24 | D        | Reached skill level 5 in Armour
    24 | D        | Reached skill level 5 in Shields
    24 | D        | Reached XP level 2. HP: 19/29 MP: 1/1
    24 | D        | Reached XP level 3. HP: 24/36 MP: 2/2
    27 | D        | Killed an ogre
    28 | D        | Reached skill level 5 in Maces & Flails
    28 | D        | Reached skill level 6 in Armour
    28 | D        | Reached XP level 4. HP: 8/45 MP: 3/3
   368 | D        | Killed a scorpion
   369 | D        | Reached skill level 7 in Armour
   369 | D        | Reached XP level 5. HP: 37/52 MP: 4/4
   374 | D        | Reached skill level 8 in Armour
   375 | D        | Incinerated by a bombardier beetle

Illustrated notes

Levels and vault maps discovered:
D:        linesprint [early_d, line_temple, items_1, d_10, items_2, lair_1,
          lair_end, items_3, orc_1, orc_end, items_4, d_15, swamp_1, shoals_1,
          snake_1, spider_1, d_20, vaults_1, items_5, swamp_end, shoals_end,
          snake_end, spider_end, vaults_end, d_27, items_6, zot_1, zot_end,
          crypt_end, forest_end, elf_end, slime_end, tomb_end, abyss_end,
          pan_hell_end]

Skill      XL: |  1  2  3  4  5 |
---------------+----------------+-----
Fighting       | 5 6 7 |  7.4
Armour         | 5 6 7 8 |  8.1
Shields        | 5 6 7 |  7.7
Maces & Flails | 4 5 6 7 |  7.3

Action                     |  1- 3 |  4- 6 || total
---------------------------+-------+-------++-------
  Melee: Flail             |    17 |    10 ||    27
         Headbutt          |     1 |     2 ||     3
 Armour: Scale mail        |     8 |     6 ||    14
  Dodge: Dodged            |     4 |     3 ||     7
  Block: Buckler           |     2 |     1 ||     3

Table legend: (Time is in decaauts)
 A = Elapsed time spent in this place.
 B = Non-inter-level travel time spent in this place.
 C = Inter-level travel time spent in this place.
 D = Time resting spent in this place.
 E = Time spent auto-exploring this place.
 F = Levels seen in this place.
 G = Mean time per level.
                   A        B        C        D        E       F      G
               +--------+--------+--------+--------+--------+-----+--------+
         Total |    380 |    380 |      0 |    334 |      0 |   1 |  380.0 |
       Dungeon |    380 |    380 |      0 |    334 |      0 |   1 |  380.0 |
               +--------+--------+--------+--------+--------+-----+--------+

Top non-repeatable levels by time:
       D: 380 daAuts
